CALGARY Wranglers vs MILWAUKEE Admirals

Created - 22 avril 2024 at 11:10

Goals
1 2 3 T
CALGARY Wranglers 0 1 1 2
MILWAUKEE Admirals 1 3 0 4
Shots
1 2 3 T
CALGARY Wranglers 10 7 7 24
MILWAUKEE Admirals 6 11 11 28

1st period

1. MILWAUKEE Admirals , Nathan Smith 25 (Pavol Regenda 27, William Borgen 79) at 17:11

Penalties :
Jeremy Davies (nsh) for Tripping (Minor) at 11:44, Hudson Elynuik (nsh) for High sticking (Minor) at 19:03

2nd period

2. CALGARY Wranglers , Gabriel Fortier 15 (Akito Hirose 51, Hendrix Lapierre 19) at 3:29
3. MILWAUKEE Admirals , Nicholas Robertson 7 (Ty Smith 53) at 6:20
4. MILWAUKEE Admirals , Nicholas Robertson 8 (Nathan Smith 34, Ty Smith 54) at 17:32
5. MILWAUKEE Admirals , Connor Mackey 22 (Mike Vecchione 45) at 19:00 (PP)

Penalties :
Egor Sokolov (cgy) for Roughing (Minor) at 18:50

3rd period

6. CALGARY Wranglers , Daniil Miromanov 11 (Gabriel Fortier 21, Juraj Slafkovsky 61) at 17:35 (PP)

Penalties :
Alex Galchenyuk (cgy) for Tripping (Minor) at 5:23, Brock Faber (cgy) for Interference (Minor) at 10:50, Hudson Elynuik (nsh) for Roughing (Minor) at 17:16, Vladislav Kolyachonok (nsh) for Roughing (Minor) at 19:49

Goalie Stats

Justus Annunen (cgy), 24 saves from 28 shots - (0,857), L, 56-18-5, 60:00 minutes
Ukko-Pekka Luukkonen (nsh), 22 saves from 24 shots - (0,917), W, 44-25-7, 60:00 minutes

Players Stats for CALGARY Wranglers

Player Name              G  A  P  +/- PIM S  H  SB GA TA FO     MP     PP MP  PK MP  
------------------------------------------------------------------------------------
Akito Hirose             0  1  1   0  0   0  0  0  0  0  0/0    24:19   2:56   2:13 
Alex Galchenyuk          0  0  0   0  2   1  4  0  0  0  0/0    19:27   2:02   0:01 
Arnaud Durandeau         0  0  0   0  0   1  2  0  0  0  0/1     9:55   0:00   0:00 
Brock Faber              0  0  0   0  2   2  1  6  0  0  0/0    20:31   1:31   0:56 
Daniil Miromanov         1  0  1   0  0   2  2  4  0  0  0/0    20:38   1:31   1:54 
Egor Sokolov             0  0  0  -2  2   2  0  0  0  0  0/1    15:42   2:56   0:00 
Egor Zamula              0  0  0  -2  0   0  1  1  0  0  0/0    15:08   0:00   0:58 
Gabriel Fortier          1  1  2   0  0   3  1  0  0  0  0/1    13:04   1:13   0:00 
Graeme Clarke            0  0  0   0  0   0  0  0  0  0  0/1     9:55   0:00   0:00 
Hendrix Lapierre         0  1  1   0  0   0  2  0  0  0  5/12   12:44   0:00   1:26 
Jack Drury               0  0  0   0  0   3  1  0  0  0  15/27  19:39   1:31   0:43 
Jake Leschyshyn          0  0  0  -2  0   4  0  0  0  0  19/25  18:31   2:56   2:48 
Jared McIsaac            0  0  0  -2  0   0  0  1  0  0  0/0    14:30   0:00   0:01 
Jean-Luc Foudy           0  0  0   0  0   1  0  0  0  0  4/9     9:55   0:00   0:00 
Juraj Slafkovsky         0  1  1   0  0   1  2  0  0  0  1/2    21:08   1:31   2:12 
Samuel Fagemo            0  0  0   0  0   0  0  0  0  0  0/1    11:18   0:00   0:00 
Tyler Tucker             0  0  0   0  0   1  4  1  0  0  0/0    24:19   2:56   2:13 
Will Cuylle              0  0  0  -2  0   3  0  0  0  0  0/0    15:06   1:12   1:07 

Players Stats for MILWAUKEE Admirals

Player Name              G  A  P  +/- PIM S  H  SB GA TA FO     MP     PP MP  PK MP  
------------------------------------------------------------------------------------
Alexander Yelesin        0  0  0   1  0   1  3  2  0  0  0/0    19:04   2:05   2:12 
Anders Bjork             0  0  0   0  0   1  2  0  0  0  0/2    18:09   2:40   1:19 
Brayden Tracey           0  0  0   0  0   2  1  0  0  0  2/2    15:56   0:00   0:17 
Carter Savoie            0  0  0   0  0   1  0  0  0  0  0/0     5:45   0:00   0:29 
Connor Mackey            1  0  1   1  0   3  0  0  0  0  0/0    20:01   2:03   2:15 
David Cotton             0  0  0   0  0   1  0  0  0  0  3/4     5:16   0:00   0:00 
Hudson Elynuik           0  0  0   0  4   1  1  0  0  0  9/18   15:37   0:00   0:00 
Jeremy Davies            0  0  0   0  2   1  2  0  0  0  0/0    15:39   0:00   0:00 
Mike Vecchione           0  1  1   0  0   1  1  0  0  0  10/25  24:07   2:40   2:23 
Nathan Smith             1  1  2   2  0   4  0  0  0  0  11/24  19:45   1:28   1:35 
Nicholas Robertson       2  0  2   2  0   5  2  0  0  0  0/0    17:48   1:28   0:00 
Oskar Olausson           0  0  0   0  0   0  1  0  0  0  1/2    15:39   0:00   0:00 
Pavol Regenda            0  1  1   2  0   1  1  0  0  0  0/2    17:48   1:28   0:00 
Robin Salo               0  0  0   0  0   0  0  0  0  0  0/0     5:15   0:00   0:00 
Ty Smith                 0  2  2   1  0   3  0  1  0  0  0/0    19:04   2:05   2:12 
Vladislav Kolyachonok    0  0  0   0  2   0  2  2  0  0  0/0    15:39   0:00   0:00 
William Borgen           0  1  1   1  0   3  2  2  0  0  0/0    25:16   2:03   2:15 
Zach Sanford             0  0  0   0  0   0  1  0  0  0  0/1    19:41   2:40   2:51 

3 Stars

1 - Nicholas Robertson (nsh)
2 - Nathan Smith (nsh)
3 - Ty Smith (nsh)

Power Play

CALGARY Wranglers - 1 on 4 Attempt(s) - 25,00%
MILWAUKEE Admirals - 1 on 3 Attempt(s) - 33,33%

Penalty Kill

CALGARY Wranglers - 2 on 3 Attempt(s) - 66,67% - Score 0 goal in Penalty Kill
MILWAUKEE Admirals - 3 on 4 Attempt(s) - 75,00% - Score 0 goal in Penalty Kill

Team Stat

CALGARY Wranglers - Hits : 20 - Faceoff Wins : 44 - Blocked Shots : 13 - Penalty Minutes : 6
MILWAUKEE Admirals - Hits : 19 - Faceoff Wins : 36 - Blocked Shots : 7 - Penalty Minutes : 8

Official

Referees : Unknown
Linesman : Unknown

Game Notes

No Game Note

CALGARY Wranglers

5 vs 5 Forward 
   Center                   Left Wing                Right Wing               Time % Phy DF OF 
 1 Jack Drury               Alex Galchenyuk          Juraj Slafkovsky         40     1   2  2  
 2 Jake Leschyshyn          Will Cuylle              Egor Sokolov             30     1   2  2  
 3 Hendrix Lapierre         Gabriel Fortier          Samuel Fagemo            20     1   2  2  
 4 Jean-Luc Foudy           Arnaud Durandeau         Graeme Clarke            10     1   2  2  

5 vs 5 Defense 
   Defense                  Defense                                           Time % Phy DF OF 
 1 Tyler Tucker             Akito Hirose                                      40     1   2  2  
 2 Brock Faber              Daniil Miromanov                                  30     1   2  2  
 3 Egor Zamula              Jared McIsaac                                     20     1   2  2  
 4 Tyler Tucker             Akito Hirose                                      10     1   2  2  

PowerPlay Forward 
   Center                   Left Wing                Right Wing               Time % Phy DF OF 
 1 Jake Leschyshyn          Egor Sokolov             Alex Galchenyuk          60     1   2  2  
 2 Jack Drury               Will Cuylle              Juraj Slafkovsky         40     1   2  2  

PowerPlay Defense
   Defense                  Defense                                           Time % Phy DF OF 
 1 Tyler Tucker             Akito Hirose                                      60     1   2  2  
 2 Brock Faber              Daniil Miromanov                                  40     1   2  2  

Penalty Kill 4 Players Forward 
   Center                   Wing                     Time % Phy DF OF 
 1 Jake Leschyshyn          Juraj Slafkovsky         60     1   2  2  
 2 Jack Drury               Will Cuylle              40     1   2  2  

Penalty Kill 4 Players Defense
   Defense                  Defense                  Time % Phy DF OF 
 1 Tyler Tucker             Akito Hirose             60     1   2  2  
 2 Brock Faber              Daniil Miromanov         40     1   2  2  

Penalty Kill - 3 Players Forward 
   Forward                                           Time % Phy DF OF 
 1 Jake Leschyshyn                                   60     1   2  2  
 2 Jack Drury                                        40     1   2  2  

Penalty Kill - 3 Players Defense
   Defense                  Defense                  Time % Phy DF OF 
 1 Tyler Tucker             Akito Hirose             60     1   2  2  
 2 Brock Faber              Daniil Miromanov         40     1   2  2  

4 vs 4 Forward 
   Center                   Wing                     Time % Phy DF OF 
 1 Jake Leschyshyn          Juraj Slafkovsky         60     1   2  2  
 2 Jack Drury               Will Cuylle              40     1   2  2  

4 vs 4 Defense
   Defense                  Defense                  Time % Phy DF OF 
 1 Tyler Tucker             Akito Hirose             60     1   2  2  
 2 Brock Faber              Daniil Miromanov         40     1   2  2  

Last Minutes Offensive
   Center                   Left Wing                Right Wing               Defense                  Defense                  
   Jake Leschyshyn          Juraj Slafkovsky         Alex Galchenyuk          Tyler Tucker             Akito Hirose             

Last Minutes Defensive
   Center                   Left Wing                Right Wing               Defense                  Defense                  
   Jake Leschyshyn          Juraj Slafkovsky         Alex Galchenyuk          Tyler Tucker             Akito Hirose             

Goaltenders
Starting : Justus Annunen           
Backup : Antoine Bibeau           

Extra Forwards
Normal : Juraj Slafkovsky, Graeme Clarke, Will Cuylle - PP : Gabriel Fortier, Graeme Clarke - PK : Hendrix Lapierre
Extra Defensemen
Normal : Daniil Miromanov, Egor Zamula, Jared McIsaac - PP : Daniil Miromanov - PK : Daniil Miromanov, Egor Zamula
Penalty Shots
Jake Leschyshyn, Jack Drury, Alex Galchenyuk, Juraj Slafkovsky, Egor Sokolov

Scratches
David Quenneville (Healthy), Guillaume Brisebois (Healthy), Thomas Schemitsch (Healthy), Skyler McKenzie (Healthy), Matthew Strome (Healthy)
Tim Gettinger (Healthy), Arsen Khisamutdinov (Healthy), Mason Primeau (Healthy), Trenton Bourque (Healthy), Cedric Pare (Healthy)
Serron Noel (Healthy), Victor Berglund (Healthy), Alexander Pashin (Healthy)

MILWAUKEE Admirals

5 vs 5 Forward 
   Center                   Left Wing                Right Wing               Time % Phy DF OF 
 1 Mike Vecchione           Zach Sanford             Anders Bjork             40     1   2  2  
 2 Nathan Smith             Nicholas Robertson       Pavol Regenda            30     1   2  2  
 3 Hudson Elynuik           Brayden Tracey           Oskar Olausson           20     1   2  2  
 4 David Cotton             Carter Savoie            Mike Vecchione           10     1   2  2  

5 vs 5 Defense 
   Defense                  Defense                                           Time % Phy DF OF 
 1 William Borgen           Connor Mackey                                     40     1   2  2  
 2 Alexander Yelesin        Ty Smith                                          30     1   2  2  
 3 Vladislav Kolyachonok    Jeremy Davies                                     20     1   2  2  
 4 Robin Salo               William Borgen                                    10     1   2  2  

PowerPlay Forward 
   Center                   Left Wing                Right Wing               Time % Phy DF OF 
 1 Mike Vecchione           Zach Sanford             Anders Bjork             60     1   2  2  
 2 Nathan Smith             Nicholas Robertson       Pavol Regenda            40     1   2  2  

PowerPlay Defense
   Defense                  Defense                                           Time % Phy DF OF 
 1 William Borgen           Connor Mackey                                     60     1   2  2  
 2 Alexander Yelesin        Ty Smith                                          40     1   2  2  

Penalty Kill 4 Players Forward 
   Center                   Wing                     Time % Phy DF OF 
 1 Mike Vecchione           Zach Sanford             60     1   2  2  
 2 Anders Bjork             Nathan Smith             40     1   2  2  

Penalty Kill 4 Players Defense
   Defense                  Defense                  Time % Phy DF OF 
 1 William Borgen           Connor Mackey            60     1   2  2  
 2 Alexander Yelesin        Ty Smith                 40     1   2  2  

Penalty Kill - 3 Players Forward 
   Forward                                           Time % Phy DF OF 
 1 Mike Vecchione                                    60     1   2  2  
 2 Zach Sanford                                      40     1   2  2  

Penalty Kill - 3 Players Defense
   Defense                  Defense                  Time % Phy DF OF 
 1 William Borgen           Connor Mackey            60     1   2  2  
 2 Alexander Yelesin        Ty Smith                 40     1   2  2  

4 vs 4 Forward 
   Center                   Wing                     Time % Phy DF OF 
 1 Mike Vecchione           Zach Sanford             60     1   2  2  
 2 Anders Bjork             Nathan Smith             40     1   2  2  

4 vs 4 Defense
   Defense                  Defense                  Time % Phy DF OF 
 1 William Borgen           Connor Mackey            60     1   2  2  
 2 Alexander Yelesin        Ty Smith                 40     1   2  2  

Last Minutes Offensive
   Center                   Left Wing                Right Wing               Defense                  Defense                  
   Mike Vecchione           Zach Sanford             Anders Bjork             William Borgen           Connor Mackey            

Last Minutes Defensive
   Center                   Left Wing                Right Wing               Defense                  Defense                  
   Mike Vecchione           Zach Sanford             Anders Bjork             William Borgen           Connor Mackey            

Goaltenders
Starting : Ukko-Pekka Luukkonen     
Backup : Merrick Madsen           
Third : Dustin Wolf              

Extra Forwards
Normal : Oskar Olausson, Brayden Tracey, Carter Savoie - PP : Oskar Olausson, Brayden Tracey - PK : Carter Savoie
Extra Defensemen
Normal : Vladislav Kolyachonok, Jeremy Davies, Robin Salo - PP : Vladislav Kolyachonok - PK : Jeremy Davies, Robin Salo
Penalty Shots
Mike Vecchione, Nicholas Robertson, Anders Bjork, Nathan Smith, Zach Sanford

Scratches
Eetu Tuulola (Healthy), Sean Malone (Healthy), Michael Spacek (Healthy), Shane Gersich (Healthy), Sebastian Repo (Healthy)
Markus Phillips (Healthy)

% Time on Ice - CALGARY Wranglers

Lines # - Real PCT - Wanted PCT - Time Play
Normal Forward
1 - 34% - 40% - 17:25
2 - 25% - 30% - 12:47
3 - 22% - 20% - 11:18
4 - 19% - 10% - 9:55
Normal Defense
1 - 34% - 40% - 17:40
2 - 34% - 30% - 17:32
3 - 29% - 20% - 14:43
4 - 3% - 10% - 1:30
PP Forward
1 - 66% - 60% - 2:56
2 - 34% - 40% - 1:31
PP Defense
1 - 66% - 60% - 2:56
2 - 34% - 40% - 1:31
PK Forward
1 - 83% - 60% - 3:25
2 - 17% - 40% - 0:43
PK Defense
1 - 54% - 60% - 2:13
2 - 46% - 40% - 1:55
PK3 Forward
1 - 0% - 60%
2 - 0% - 40%
PK3 Defense
1 - 0% - 60%
2 - 0% - 40%
44 Forward
1 - 0% - 60%
2 - 0% - 40%
44 Defense
1 - 0% - 60%
2 - 0% - 40%
Last Minute Offensive  - 0:00
Last Minute Defensive  - 0:00
Total
Forward - 60:00
Defense - 60:00

% Time on Ice - MILWAUKEE Admirals

Lines # - Real PCT - Wanted PCT - Time Play
Normal Forward
1 - 28% - 40% - 14:10
2 - 32% - 30% - 16:20
3 - 30% - 20% - 15:39
4 - 10% - 10% - 5:16
Normal Defense
1 - 31% - 40% - 15:43
2 - 29% - 30% - 14:47
3 - 30% - 20% - 15:40
4 - 10% - 10% - 5:15
PP Forward
1 - 65% - 60% - 2:40
2 - 35% - 40% - 1:28
PP Defense
1 - 50% - 60% - 2:03
2 - 50% - 40% - 2:05
PK Forward
1 - 70% - 60% - 3:08
2 - 30% - 40% - 1:19
PK Defense
1 - 51% - 60% - 2:15
2 - 49% - 40% - 2:12
PK3 Forward
1 - 0% - 60%
2 - 0% - 40%
PK3 Defense
1 - 0% - 60%
2 - 0% - 40%
44 Forward
1 - 0% - 60%
2 - 0% - 40%
44 Defense
1 - 0% - 60%
2 - 0% - 40%
Last Minute Offensive  - 0:00
Last Minute Defensive  - 0:00
Total
Forward - 60:00
Defense - 60:00

Play-by-Play

1st period


0:01 of 1st period - Jack Drury wins face-off versus Mike Vecchione in neutral zone.
0:06 of 1st period - Shot by Juraj Slafkovsky.
0:06 of 1st period - Shot Misses the Net.
0:08 of 1st period - Shot by Jack Drury.
0:08 of 1st period - Shot Misses the Net.
0:10 of 1st period - Shot by Jack Drury.
0:10 of 1st period - Stopped by Ukko-Pekka Luukkonen with a rebound.
0:12 of 1st period - Shot by Jack Drury.
0:12 of 1st period - Stopped by Ukko-Pekka Luukkonen without a rebound.
0:13 of 1st period - Jake Leschyshyn wins face-off versus Nathan Smith in MILWAUKEE Admirals zone.
0:24 of 1st period - Shot by Brock Faber.
0:24 of 1st period - Stopped by Ukko-Pekka Luukkonen with a rebound.
0:39 of 1st period - Icing by Nicholas Robertson.
0:40 of 1st period - Nathan Smith wins face-off versus Samuel Fagemo in MILWAUKEE Admirals zone.
0:40 of 1st period - Nathan Smith is hit by Hendrix Lapierre.
0:48 of 1st period - Shot by Nathan Smith.
0:48 of 1st period - Shot Misses the Net.
0:52 of 1st period - Shot by Pavol Regenda.
0:52 of 1st period - Shot Blocked by Jared McIsaac.
1:12 of 1st period - Shot by Zach Sanford.
1:12 of 1st period - Deflect By Mike Vecchione.
1:12 of 1st period - Shot Misses the Net.
1:37 of 1st period - Icing by Tyler Tucker.
1:38 of 1st period - Hudson Elynuik wins face-off versus Jack Drury in CALGARY Wranglers zone.
1:38 of 1st period - Hudson Elynuik is hit by Tyler Tucker.
2:25 of 1st period - Icing by Vladislav Kolyachonok.
2:26 of 1st period - Jean-Luc Foudy wins face-off versus Oskar Olausson in MILWAUKEE Admirals zone.
3:25 of 1st period - Shot by Jake Leschyshyn.
3:25 of 1st period - Shot Misses the Net.
3:27 of 1st period - Shot by Jake Leschyshyn.
3:27 of 1st period - Shot Blocked by William Borgen.
3:29 of 1st period - Shot by Will Cuylle.
3:29 of 1st period - Stopped by Ukko-Pekka Luukkonen without a rebound.
3:30 of 1st period - Jack Drury wins face-off versus Nathan Smith in MILWAUKEE Admirals zone.
4:03 of 1st period - Shot by Alexander Yelesin.
4:03 of 1st period - Stopped by Justus Annunen without a rebound.
4:04 of 1st period - Mike Vecchione wins face-off versus Jake Leschyshyn in CALGARY Wranglers zone.
5:33 of 1st period - Icing by Robin Salo.
5:34 of 1st period - Jack Drury wins face-off versus David Cotton in MILWAUKEE Admirals zone.
5:41 of 1st period - Shot by Jack Drury.
5:41 of 1st period - Stopped by Ukko-Pekka Luukkonen without a rebound.
5:42 of 1st period - Jack Drury wins face-off versus Hudson Elynuik in MILWAUKEE Admirals zone.
5:43 of 1st period - Shot by Alex Galchenyuk.
5:43 of 1st period - Stopped by Ukko-Pekka Luukkonen without a rebound.
5:44 of 1st period - Juraj Slafkovsky wins face-off versus Hudson Elynuik in MILWAUKEE Admirals zone.
5:56 of 1st period - Oskar Olausson is hit by Alex Galchenyuk and loses puck.
6:00 of 1st period - Vladislav Kolyachonok is hit by Tyler Tucker and loses puck.
6:06 of 1st period - Icing by Akito Hirose.
6:07 of 1st period - Jack Drury wins face-off versus Nathan Smith in CALGARY Wranglers zone.
6:14 of 1st period - Icing by Nicholas Robertson.
6:15 of 1st period - Nathan Smith wins face-off versus Hendrix Lapierre in MILWAUKEE Admirals zone.
6:15 of 1st period - Connor Mackey is hit by Gabriel Fortier.
6:23 of 1st period - Icing by Brock Faber.
6:24 of 1st period - Mike Vecchione wins face-off versus Hendrix Lapierre in CALGARY Wranglers zone.
6:41 of 1st period - Shot by Zach Sanford.
6:41 of 1st period - Shot Blocked by Daniil Miromanov.
6:43 of 1st period - Shot by William Borgen.
6:43 of 1st period - Stopped by Justus Annunen with a rebound.
7:26 of 1st period - Icing by Gabriel Fortier.
7:27 of 1st period - Hudson Elynuik wins face-off versus Hendrix Lapierre in CALGARY Wranglers zone.
7:27 of 1st period - Hudson Elynuik is hit by Brock Faber.
7:29 of 1st period - Shot by Jeremy Davies.
7:29 of 1st period - Shot Misses the Net.
7:42 of 1st period - Off-side.
7:43 of 1st period - Jack Drury wins face-off versus Nathan Smith in neutral zone.
8:01 of 1st period - Shot by Nicholas Robertson.
8:01 of 1st period - Shot Misses the Net.
8:49 of 1st period - Shot by Jake Leschyshyn.
8:49 of 1st period - Stopped by Ukko-Pekka Luukkonen without a rebound.
8:50 of 1st period - Hudson Elynuik wins face-off versus Arnaud Durandeau in MILWAUKEE Admirals zone.
10:01 of 1st period - Shot by Connor Mackey.
10:01 of 1st period - Shot Misses the Net.
10:03 of 1st period - Shot by Mike Vecchione.
10:03 of 1st period - Shot Blocked by Daniil Miromanov.
10:58 of 1st period - Shot by Alex Galchenyuk.
10:58 of 1st period - Shot Misses the Net.
11:00 of 1st period - Shot by Akito Hirose.
11:00 of 1st period - Shot Misses the Net.
11:14 of 1st period - Shot by Nicholas Robertson.
11:14 of 1st period - Stopped by Justus Annunen without a rebound.
11:15 of 1st period - David Cotton wins face-off versus Jean-Luc Foudy in CALGARY Wranglers zone.
11:36 of 1st period - Shot by Arnaud Durandeau.
11:36 of 1st period - Shot Blocked by Vladislav Kolyachonok.
11:38 of 1st period - Shot by Arnaud Durandeau.
11:38 of 1st period - Shot Misses the Net.
11:44 of 1st period - Shot by Arnaud Durandeau.
11:44 of 1st period - Stopped by Ukko-Pekka Luukkonen without a rebound.
11:44 of 1st period - Minor Penalty to Jeremy Davies for Tripping.
11:45 of 1st period - Nathan Smith wins face-off versus Egor Sokolov in MILWAUKEE Admirals zone.
13:20 of 1st period - Shot by Akito Hirose.
13:20 of 1st period - Shot Misses the Net.
13:42 of 1st period - Shot by Carter Savoie.
13:42 of 1st period - Stopped by Justus Annunen with a rebound.
13:44 of 1st period - Shot by William Borgen.
13:44 of 1st period - Shot Misses the Net.
14:39 of 1st period - Shot by Jean-Luc Foudy.
14:39 of 1st period - Deflect By Graeme Clarke.
14:39 of 1st period - Shot Misses the Net.
14:41 of 1st period - Shot by Brock Faber.
14:41 of 1st period - Stopped by Ukko-Pekka Luukkonen without a rebound.
14:42 of 1st period - Jean-Luc Foudy wins face-off versus Nathan Smith in MILWAUKEE Admirals zone.
14:42 of 1st period - Graeme Clarke is hit by William Borgen and loses puck.
14:48 of 1st period - Nicholas Robertson is hit by Daniil Miromanov.
15:04 of 1st period - Shot by Nicholas Robertson.
15:04 of 1st period - Shot Blocked by Brock Faber.
15:36 of 1st period - Shot by Mike Vecchione.
15:36 of 1st period - Shot Misses the Net.
15:38 of 1st period - Shot by David Cotton.
15:38 of 1st period - Stopped by Justus Annunen with a rebound.
15:40 of 1st period - Shot by Alexander Yelesin.
15:40 of 1st period - Shot Blocked by Brock Faber.
15:44 of 1st period - Shot by Ty Smith.
15:44 of 1st period - Shot Misses the Net.
15:46 of 1st period - Shot by Mike Vecchione.
15:46 of 1st period - Shot Misses the Net.
16:01 of 1st period - Icing by Daniil Miromanov.
16:02 of 1st period - Jean-Luc Foudy wins face-off versus Hudson Elynuik in CALGARY Wranglers zone.
16:47 of 1st period - Shot by Tyler Tucker.
16:47 of 1st period - Stopped by Ukko-Pekka Luukkonen without a rebound.
16:48 of 1st period - Jake Leschyshyn wins face-off versus Nathan Smith in MILWAUKEE Admirals zone.
17:09 of 1st period - Shot by Pavol Regenda.
17:09 of 1st period - Shot Misses the Net.
17:11 of 1st period - Shot by Nathan Smith.
17:11 of 1st period - Goal by Nathan Smith - CALGARY Wranglers : 0 - MILWAUKEE Admirals : 1.
17:12 of 1st period - Mike Vecchione wins face-off versus Hendrix Lapierre in neutral zone.
17:40 of 1st period - Tyler Tucker is hit by Alexander Yelesin and loses puck.
18:04 of 1st period - Icing by Egor Zamula.
18:05 of 1st period - Nathan Smith wins face-off versus Jack Drury in CALGARY Wranglers zone.
18:11 of 1st period - Icing by Jack Drury.
18:12 of 1st period - Jack Drury wins face-off versus Nathan Smith in CALGARY Wranglers zone.
19:00 of 1st period - Shot by Oskar Olausson.
19:00 of 1st period - Shot Misses the Net.
19:03 of 1st period - Minor Penalty to Hudson Elynuik for High sticking.
19:04 of 1st period - Jake Leschyshyn wins face-off versus Mike Vecchione in MILWAUKEE Admirals zone.
19:07 of 1st period - Shot by Tyler Tucker.
19:07 of 1st period - Shot Misses the Net.
19:09 of 1st period - Shot by Tyler Tucker.
19:09 of 1st period - Shot Misses the Net.
Goals for this period are 0 for CALGARY Wranglers vs 1 for MILWAUKEE Admirals.
Shots for this period are 10 for CALGARY Wranglers vs 6 for MILWAUKEE Admirals.

2nd period


0:01 of 2nd period - Jake Leschyshyn wins face-off versus Mike Vecchione in neutral zone.
0:20 of 2nd period - Shot by Tyler Tucker.
0:20 of 2nd period - Deflect By Alex Galchenyuk.
0:20 of 2nd period - Shot Misses the Net.
0:32 of 2nd period - Shot by Alex Galchenyuk.
0:32 of 2nd period - Deflect By Jake Leschyshyn.
0:32 of 2nd period - Stopped by Ukko-Pekka Luukkonen without a rebound.
0:33 of 2nd period - Jack Drury wins face-off versus Anders Bjork in MILWAUKEE Admirals zone.
0:34 of 2nd period - Shot by Brock Faber.
0:34 of 2nd period - Shot Blocked by Alexander Yelesin.
1:39 of 2nd period - Shot by Gabriel Fortier.
1:39 of 2nd period - Shot Blocked by Vladislav Kolyachonok.
2:45 of 2nd period - Pavol Regenda is hit by Jack Drury and loses puck.
2:54 of 2nd period - Shot by Nicholas Robertson.
2:54 of 2nd period - Shot Misses the Net.
2:56 of 2nd period - Shot by Nathan Smith.
2:56 of 2nd period - Stopped by Justus Annunen with a rebound.
2:58 of 2nd period - Shot by Nathan Smith.
2:58 of 2nd period - Stopped by Justus Annunen without a rebound.
2:59 of 2nd period - Jake Leschyshyn wins face-off versus Mike Vecchione in CALGARY Wranglers zone.
2:59 of 2nd period - Jake Leschyshyn is hit by Zach Sanford.
3:07 of 2nd period - Shot by Jake Leschyshyn.
3:07 of 2nd period - Shot Misses the Net.
3:09 of 2nd period - Shot by Egor Sokolov.
3:09 of 2nd period - Shot Misses the Net.
3:11 of 2nd period - Shot by Jake Leschyshyn.
3:11 of 2nd period - Stopped by Ukko-Pekka Luukkonen without a rebound.
3:12 of 2nd period - Hendrix Lapierre wins face-off versus Nathan Smith in MILWAUKEE Admirals zone.
3:29 of 2nd period - Shot by Gabriel Fortier.
3:29 of 2nd period - Goal by Gabriel Fortier - CALGARY Wranglers : 1 - MILWAUKEE Admirals : 1.
3:30 of 2nd period - Hudson Elynuik wins face-off versus Jack Drury in neutral zone.
4:09 of 2nd period - Shot by Juraj Slafkovsky.
4:09 of 2nd period - Shot Hit the Post.
4:16 of 2nd period - Icing by Vladislav Kolyachonok.
4:17 of 2nd period - Jake Leschyshyn wins face-off versus Hudson Elynuik in MILWAUKEE Admirals zone.
4:31 of 2nd period - Vladislav Kolyachonok is hit by Tyler Tucker and loses puck.
5:31 of 2nd period - Shot by Anders Bjork.
5:31 of 2nd period - Deflect By Mike Vecchione.
5:31 of 2nd period - Stopped by Justus Annunen with a rebound.
5:37 of 2nd period - Shot by Gabriel Fortier.
5:37 of 2nd period - Stopped by Ukko-Pekka Luukkonen without a rebound.
5:38 of 2nd period - Jack Drury wins face-off versus Nathan Smith in MILWAUKEE Admirals zone.
5:49 of 2nd period - Off-side.
5:50 of 2nd period - Hendrix Lapierre wins face-off versus Nathan Smith in neutral zone.
5:50 of 2nd period - Hendrix Lapierre is hit by Nicholas Robertson.
6:20 of 2nd period - Shot by Nicholas Robertson.
6:20 of 2nd period - Goal by Nicholas Robertson - CALGARY Wranglers : 1 - MILWAUKEE Admirals : 2.
6:21 of 2nd period - Mike Vecchione wins face-off versus Jack Drury in neutral zone.
6:30 of 2nd period - Shot by Connor Mackey.
6:30 of 2nd period - Stopped by Justus Annunen without a rebound.
6:31 of 2nd period - Jack Drury wins face-off versus Mike Vecchione in CALGARY Wranglers zone.
6:31 of 2nd period - Jack Drury is hit by Mike Vecchione.
6:40 of 2nd period - Icing by William Borgen.
6:41 of 2nd period - Jake Leschyshyn wins face-off versus Mike Vecchione in MILWAUKEE Admirals zone.
7:41 of 2nd period - Shot by Nicholas Robertson.
7:41 of 2nd period - Shot Misses the Net.
7:45 of 2nd period - Shot by Ty Smith.
7:45 of 2nd period - Shot Blocked by Tyler Tucker.
10:07 of 2nd period - Shot by Nicholas Robertson.
10:07 of 2nd period - Stopped by Justus Annunen without a rebound.
10:08 of 2nd period - Hudson Elynuik wins face-off versus Jean-Luc Foudy in CALGARY Wranglers zone.
10:13 of 2nd period - Shot by Jeremy Davies.
10:13 of 2nd period - Shot Blocked by Egor Zamula.
10:15 of 2nd period - Shot by Brayden Tracey.
10:15 of 2nd period - Stopped by Justus Annunen without a rebound.
10:16 of 2nd period - Hudson Elynuik wins face-off versus Jean-Luc Foudy in CALGARY Wranglers zone.
10:25 of 2nd period - Shot by Oskar Olausson.
10:25 of 2nd period - Shot Misses the Net.
10:39 of 2nd period - Shot by Hudson Elynuik.
10:39 of 2nd period - Shot Misses the Net.
10:49 of 2nd period - Shot by Brayden Tracey.
10:49 of 2nd period - Shot Misses the Net.
10:56 of 2nd period - Icing by Daniil Miromanov.
10:57 of 2nd period - Nathan Smith wins face-off versus Graeme Clarke in CALGARY Wranglers zone.
11:04 of 2nd period - Shot by Connor Mackey.
11:04 of 2nd period - Shot Blocked by Brock Faber.
11:28 of 2nd period - Shot by Nicholas Robertson.
11:28 of 2nd period - Shot Blocked by Brock Faber.
11:34 of 2nd period - Shot by Pavol Regenda.
11:34 of 2nd period - Shot Misses the Net.
11:36 of 2nd period - Shot by Connor Mackey.
11:36 of 2nd period - Shot Blocked by Brock Faber.
12:21 of 2nd period - Alexander Yelesin is hit by Arnaud Durandeau and loses puck.
12:54 of 2nd period - Shot by Oskar Olausson.
12:54 of 2nd period - Shot Misses the Net.
12:56 of 2nd period - Shot by Brayden Tracey.
12:56 of 2nd period - Stopped by Justus Annunen without a rebound.
12:57 of 2nd period - Nathan Smith wins face-off versus Jack Drury in CALGARY Wranglers zone.
13:11 of 2nd period - Icing by Tyler Tucker.
13:12 of 2nd period - Jack Drury wins face-off versus Hudson Elynuik in CALGARY Wranglers zone.
13:34 of 2nd period - Shot by Juraj Slafkovsky.
13:34 of 2nd period - Stopped by Ukko-Pekka Luukkonen without a rebound.
13:35 of 2nd period - Jake Leschyshyn wins face-off versus Nathan Smith in MILWAUKEE Admirals zone.
13:42 of 2nd period - Shot by Egor Sokolov.
13:42 of 2nd period - Stopped by Ukko-Pekka Luukkonen with a rebound.
13:44 of 2nd period - Shot by Jake Leschyshyn.
13:44 of 2nd period - Deflect By Will Cuylle.
13:44 of 2nd period - Stopped by Ukko-Pekka Luukkonen without a rebound.
13:45 of 2nd period - Mike Vecchione wins face-off versus Hendrix Lapierre in MILWAUKEE Admirals zone.
13:52 of 2nd period - Egor Zamula is hit by Anders Bjork and loses puck.
15:26 of 2nd period - Shot by Pavol Regenda.
15:26 of 2nd period - Shot Misses the Net.
15:28 of 2nd period - Shot by Pavol Regenda.
15:28 of 2nd period - Shot Misses the Net.
15:30 of 2nd period - Shot by Nicholas Robertson.
15:30 of 2nd period - Stopped by Justus Annunen without a rebound.
15:31 of 2nd period - Jake Leschyshyn wins face-off versus Hudson Elynuik in CALGARY Wranglers zone.
15:48 of 2nd period - Jake Leschyshyn is hit by Hudson Elynuik and loses puck.
16:48 of 2nd period - Icing by Vladislav Kolyachonok.
16:49 of 2nd period - Jean-Luc Foudy wins face-off versus Hudson Elynuik in MILWAUKEE Admirals zone.
16:54 of 2nd period - Shot by Graeme Clarke.
16:54 of 2nd period - Shot Misses the Net.
17:32 of 2nd period - Shot by Nathan Smith.
17:32 of 2nd period - Deflect By Nicholas Robertson.
17:32 of 2nd period - Goal by Nicholas Robertson - CALGARY Wranglers : 1 - MILWAUKEE Admirals : 3.
17:33 of 2nd period - David Cotton wins face-off versus Jack Drury in neutral zone.
18:35 of 2nd period - Ty Smith is hit by Juraj Slafkovsky and loses puck.
18:47 of 2nd period - Icing by Ty Smith.
18:48 of 2nd period - Jake Leschyshyn wins face-off versus Nathan Smith in MILWAUKEE Admirals zone.
18:50 of 2nd period - Minor Penalty to Egor Sokolov for Roughing.
18:51 of 2nd period - Jake Leschyshyn wins face-off versus Mike Vecchione in CALGARY Wranglers zone.
19:00 of 2nd period - Shot by Connor Mackey.
19:00 of 2nd period - Goal by Connor Mackey - CALGARY Wranglers : 1 - MILWAUKEE Admirals : 4.
19:01 of 2nd period - Jake Leschyshyn wins face-off versus Mike Vecchione in neutral zone.
Goals for this period are 1 for CALGARY Wranglers vs 3 for MILWAUKEE Admirals.
Shots for this period are 7 for CALGARY Wranglers vs 11 for MILWAUKEE Admirals.

3rd period


0:01 of 3rd period - Jack Drury wins face-off versus Mike Vecchione in neutral zone.
0:53 of 3rd period - Jack Drury is hit by Alexander Yelesin and loses puck.
1:08 of 3rd period - Pavol Regenda is hit by Tyler Tucker and loses puck.
1:51 of 3rd period - Shot by Will Cuylle.
1:51 of 3rd period - Stopped by Ukko-Pekka Luukkonen without a rebound.
1:52 of 3rd period - David Cotton wins face-off versus Hendrix Lapierre in MILWAUKEE Admirals zone.
1:52 of 3rd period - David Cotton is hit by Hendrix Lapierre.
2:20 of 3rd period - Shot by Gabriel Fortier.
2:20 of 3rd period - Shot Misses the Net.
2:22 of 3rd period - Shot by Egor Zamula.
2:22 of 3rd period - Shot Misses the Net.
2:48 of 3rd period - Shot by Jake Leschyshyn.
2:48 of 3rd period - Deflect By Egor Sokolov.
2:48 of 3rd period - Stopped by Ukko-Pekka Luukkonen with a rebound.
3:51 of 3rd period - Icing by Ty Smith.
3:52 of 3rd period - Hendrix Lapierre wins face-off versus Pavol Regenda in MILWAUKEE Admirals zone.
3:52 of 3rd period - Hendrix Lapierre is hit by Alexander Yelesin.
4:17 of 3rd period - Icing by Akito Hirose.
4:18 of 3rd period - Hudson Elynuik wins face-off versus Hendrix Lapierre in CALGARY Wranglers zone.
4:53 of 3rd period - Shot by Hudson Elynuik.
4:53 of 3rd period - Shot Misses the Net.
5:17 of 3rd period - Juraj Slafkovsky is hit by William Borgen and loses puck.
5:23 of 3rd period - Minor Penalty to Alex Galchenyuk for Tripping.
5:24 of 3rd period - Nathan Smith wins face-off versus Jake Leschyshyn in CALGARY Wranglers zone.
5:29 of 3rd period - Shot by Ty Smith.
5:29 of 3rd period - Stopped by Justus Annunen without a rebound.
5:30 of 3rd period - Jake Leschyshyn wins face-off versus Zach Sanford in CALGARY Wranglers zone.
5:38 of 3rd period - Icing by Mike Vecchione.
5:39 of 3rd period - Jake Leschyshyn wins face-off versus Anders Bjork in MILWAUKEE Admirals zone.
5:47 of 3rd period - Icing by Ty Smith.
5:48 of 3rd period - Jake Leschyshyn wins face-off versus Mike Vecchione in MILWAUKEE Admirals zone.
5:59 of 3rd period - Shot by Ty Smith.
5:59 of 3rd period - Shot Blocked by Daniil Miromanov.
6:18 of 3rd period - Shot by Ty Smith.
6:18 of 3rd period - Stopped by Justus Annunen without a rebound.
6:19 of 3rd period - Jake Leschyshyn wins face-off versus Pavol Regenda in CALGARY Wranglers zone.
6:56 of 3rd period - Shot by William Borgen.
6:56 of 3rd period - Stopped by Justus Annunen without a rebound.
6:57 of 3rd period - Jack Drury wins face-off versus Mike Vecchione in CALGARY Wranglers zone.
6:57 of 3rd period - Jack Drury is hit by Anders Bjork.
7:27 of 3rd period - Shot by Graeme Clarke.
7:27 of 3rd period - Shot Misses the Net.
7:48 of 3rd period - Off-side.
7:49 of 3rd period - Nathan Smith wins face-off versus Jack Drury in neutral zone.
7:51 of 3rd period - Off-side.
7:52 of 3rd period - Nathan Smith wins face-off versus Jack Drury in neutral zone.
7:52 of 3rd period - Nathan Smith is hit by Alex Galchenyuk.
7:55 of 3rd period - Connor Mackey is hit by Daniil Miromanov and loses puck.
8:14 of 3rd period - Shot by Connor Mackey.
8:14 of 3rd period - Stopped by Justus Annunen with a rebound.
8:16 of 3rd period - Shot by Pavol Regenda.
8:16 of 3rd period - Stopped by Justus Annunen with a rebound.
8:18 of 3rd period - Shot by Nicholas Robertson.
8:18 of 3rd period - Shot Misses the Net.
8:20 of 3rd period - Shot by William Borgen.
8:20 of 3rd period - Stopped by Justus Annunen without a rebound.
8:21 of 3rd period - Mike Vecchione wins face-off versus Jake Leschyshyn in CALGARY Wranglers zone.
8:26 of 3rd period - Shot by Anders Bjork.
8:26 of 3rd period - Stopped by Justus Annunen without a rebound.
8:27 of 3rd period - Mike Vecchione wins face-off versus Jake Leschyshyn in CALGARY Wranglers zone.
8:32 of 3rd period - Shot by Anders Bjork.
8:32 of 3rd period - Shot Misses the Net.
8:51 of 3rd period - Shot by Jake Leschyshyn.
8:51 of 3rd period - Stopped by Ukko-Pekka Luukkonen without a rebound.
8:52 of 3rd period - Jack Drury wins face-off versus Nathan Smith in MILWAUKEE Admirals zone.
8:53 of 3rd period - Shot by Juraj Slafkovsky.
8:53 of 3rd period - Shot Misses the Net.
9:09 of 3rd period - Shot by Pavol Regenda.
9:09 of 3rd period - Shot Blocked by Brock Faber.
9:11 of 3rd period - Shot by Connor Mackey.
9:11 of 3rd period - Shot Blocked by Daniil Miromanov.
9:25 of 3rd period - Nicholas Robertson is hit by Alex Galchenyuk and loses puck.
9:52 of 3rd period - Shot by Mike Vecchione.
9:52 of 3rd period - Shot Misses the Net.
9:54 of 3rd period - Shot by Ty Smith.
9:54 of 3rd period - Stopped by Justus Annunen without a rebound.
9:55 of 3rd period - Hudson Elynuik wins face-off versus Jake Leschyshyn in CALGARY Wranglers zone.
10:04 of 3rd period - Shot by Oskar Olausson.
10:04 of 3rd period - Shot Misses the Net.
10:06 of 3rd period - Shot by Brayden Tracey.
10:06 of 3rd period - Shot Misses the Net.
10:08 of 3rd period - Shot by Vladislav Kolyachonok.
10:08 of 3rd period - Shot Misses the Net.
10:10 of 3rd period - Shot by Jeremy Davies.
10:10 of 3rd period - Stopped by Justus Annunen without a rebound.
10:11 of 3rd period - Hendrix Lapierre wins face-off versus Mike Vecchione in CALGARY Wranglers zone.
10:33 of 3rd period - Off-side.
10:34 of 3rd period - Jack Drury wins face-off versus Hudson Elynuik in neutral zone.
10:34 of 3rd period - Jack Drury is hit by Oskar Olausson.
10:49 of 3rd period - Icing by Daniil Miromanov.
10:50 of 3rd period - Mike Vecchione wins face-off versus Jack Drury in CALGARY Wranglers zone.
10:50 of 3rd period - Minor Penalty to Brock Faber for Interference.
10:51 of 3rd period - Jake Leschyshyn wins face-off versus Mike Vecchione in CALGARY Wranglers zone.
11:18 of 3rd period - Shot by Connor Mackey.
11:18 of 3rd period - Shot Misses the Net.
11:53 of 3rd period - Shot by Nathan Smith.
11:53 of 3rd period - Shot Misses the Net.
13:08 of 3rd period - Shot by Jean-Luc Foudy.
13:08 of 3rd period - Stopped by Ukko-Pekka Luukkonen without a rebound.
13:09 of 3rd period - Hendrix Lapierre wins face-off versus Hudson Elynuik in MILWAUKEE Admirals zone.
13:09 of 3rd period - Hendrix Lapierre is hit by Vladislav Kolyachonok.
13:22 of 3rd period - Icing by Vladislav Kolyachonok.
13:23 of 3rd period - Brayden Tracey wins face-off versus Jean-Luc Foudy in MILWAUKEE Admirals zone.
13:23 of 3rd period - Brayden Tracey is hit by Arnaud Durandeau.
13:30 of 3rd period - Icing by Jeremy Davies.
13:31 of 3rd period - Brayden Tracey wins face-off versus Jack Drury in MILWAUKEE Admirals zone.
13:31 of 3rd period - Brayden Tracey is hit by Alex Galchenyuk.
13:39 of 3rd period - Shot by Hudson Elynuik.
13:39 of 3rd period - Stopped by Justus Annunen without a rebound.
13:40 of 3rd period - Nathan Smith wins face-off versus Jake Leschyshyn in CALGARY Wranglers zone.
14:11 of 3rd period - Jake Leschyshyn is hit by Pavol Regenda and loses puck.
14:15 of 3rd period - Tyler Tucker is hit by Nicholas Robertson and loses puck.
14:40 of 3rd period - Shot by Daniil Miromanov.
14:40 of 3rd period - Shot Blocked by Alexander Yelesin.
15:00 of 3rd period - Shot by Jack Drury.
15:00 of 3rd period - Shot Blocked by Ty Smith.
15:02 of 3rd period - Shot by Daniil Miromanov.
15:02 of 3rd period - Stopped by Ukko-Pekka Luukkonen without a rebound.
15:03 of 3rd period - Oskar Olausson wins face-off versus Gabriel Fortier in MILWAUKEE Admirals zone.
15:12 of 3rd period - Egor Zamula is hit by Vladislav Kolyachonok and loses puck.
15:26 of 3rd period - Samuel Fagemo is hit by Jeremy Davies and loses puck.
15:33 of 3rd period - Shot by Jared McIsaac.
15:33 of 3rd period - Shot Misses the Net.
15:35 of 3rd period - Shot by Gabriel Fortier.
15:35 of 3rd period - Stopped by Ukko-Pekka Luukkonen without a rebound.
15:36 of 3rd period - Jake Leschyshyn wins face-off versus Mike Vecchione in MILWAUKEE Admirals zone.
16:47 of 3rd period - Shot by Nathan Smith.
16:47 of 3rd period - Stopped by Justus Annunen without a rebound.
16:48 of 3rd period - Hudson Elynuik wins face-off versus Jack Drury in CALGARY Wranglers zone.
16:58 of 3rd period - Alex Galchenyuk is hit by Brayden Tracey and loses puck.
17:04 of 3rd period - Brock Faber is hit by Jeremy Davies and loses puck.
17:16 of 3rd period - Minor Penalty to Hudson Elynuik for Roughing.
17:17 of 3rd period - Mike Vecchione wins face-off versus Juraj Slafkovsky in MILWAUKEE Admirals zone.
17:28 of 3rd period - William Borgen is hit by Juraj Slafkovsky and loses puck.
17:33 of 3rd period - Shot by Gabriel Fortier.
17:33 of 3rd period - Shot Blocked by William Borgen.
17:35 of 3rd period - Shot by Daniil Miromanov.
17:35 of 3rd period - Goal by Daniil Miromanov - CALGARY Wranglers : 2 - MILWAUKEE Admirals : 4.
17:36 of 3rd period - Nathan Smith wins face-off versus Jean-Luc Foudy in neutral zone.
17:50 of 3rd period - Nicholas Robertson is hit by Egor Zamula and loses puck.
19:02 of 3rd period - Icing by Connor Mackey.
19:03 of 3rd period - Mike Vecchione wins face-off versus Jack Drury in MILWAUKEE Admirals zone.
19:49 of 3rd period - Minor Penalty to Vladislav Kolyachonok for Roughing.
19:50 of 3rd period - Jake Leschyshyn wins face-off versus Mike Vecchione in MILWAUKEE Admirals zone.
Goals for this period are 1 for CALGARY Wranglers vs 0 for MILWAUKEE Admirals.
Shots for this period are 7 for CALGARY Wranglers vs 11 for MILWAUKEE Admirals. Output by the SimonT Hockey Simulator (STHS) for Martin Benoit - Original Page W3C HTML5 Valid
Hockey Simulator - Hockey Simulation - Hockey Manager